 Dungeon Crawl Stone Soup version 0.29.0-4-gdea44cf6ec (webtiles) character file.

Game seed: 9363908809902464461

210 qw the Ruffian (level 5, -3/40 HPs)
             Began as a Ghoul Fire Elementalist on Aug 29, 2022.
             Slain by a goblin
             ... wielding a +0 club
             ... led by Robin
              (6 damage)
             ... on level 2 of the Dungeon.
             The game lasted 00:02:02 (2147 turns).

qw the Ruffian (Ghoul Fire Elementalist)            Turns: 2147, Time: 00:02:02

Health: -3/40      AC:  3    Str: 14    XL:     5   Next: 88%
Magic:  6/6        EV: 11    Int: 10    God:
Gold:   93         SH:  0    Dex:  9    Spells: 6/7 levels left

rFire   . . .      SeeInvis .     - Unarmed
rCold   + . .      Faith    .   (no shield)
rNeg    + + +      Spirit   .   d - +0 leather armour
rPois   inf        Reflect  .   (no helmet)
rElec   .          Harm     .   (no cloak)
rCorr   .          Rampage  .   (no gloves)
Will    +....                   (no boots)
Stlth   +.........              (no amulet)
HPRegen 0.00/turn               j - ring of willpower
MPRegen 0.10/turn               (no ring)

@: inhibited regen
A: claws 1, cold resistance 1, negative energy resistance 3, inhibited
regeneration, torment resistance 2, devour on kill
a: no special abilities


You were on level 2 of the Dungeon.
You visited 1 branch of the dungeon, and saw 2 of its levels.

You collected 93 gold pieces.


Innate Abilities, Weirdness & Mutations

You are immune to poison.
You have sharp fingernails.
Your flesh is cold resistant. (rC+)
You are immune to negative energy. (rN+++)
You do not regenerate when monsters are visible.
You are immune to unholy pain and torment.
You thrive by killing the living.


   Skills:
 + Level 1.5 Fighting
 - Level 1.7 Dodging
 - Level 2.1 Stealth
 - Level 5.6 Unarmed Combat
 - Level 1.7 Spellcasting
 - Level 0.7 Conjurations
 - Level 2.4 Fire Magic


You had 6 spell levels left.
You knew the following spells:

 Your Spells              Type           Power      Damage    Failure   Level
a - Foxfire               Conj/Fire      16%        2x1d4     22%         1

Your spell library contained the following spells:

 Spells                   Type           Power      Damage    Failure   Level
 Scorch                   Fire           10%        2d5       22%         2
 Conjure Flame            Conj/Fire      4%         6-21      54%         3
 Inner Flame              Hex/Fire       3%         N/A       58%         3
 Flame Wave               Conj/Fire      4%         2d5       91%         4

Inventory:

Armour
 d - a +0 leather armour (worn)
 l - a +0 ring mail
Jewellery
 j - a ring of willpower (left claw)
Scrolls
 a - a scroll of enchant weapon {unknown}
 b - a scroll of noise {unknown}
 h - a scroll of immolation {unknown}
 k - a scroll of teleportation {unknown}
 m - a scroll of identify {unknown}
Potions
 c - a potion of degeneration {unknown}
 e - 2 potions of curing
 f - a potion of lignification {unknown}
 g - a potion of haste {unknown}
 i - a potion of ambrosia {unknown}

Dungeon Overview and Level Annotations

Branches:
Dungeon (2/15)

Altars:

Shops:
D:1 [   D:2 (

Annotations:
D:2 Robin


Message History

The hobgoblin no longer looks unusually strong.
The goblin no longer looks unusually strong.
The goblin barely misses you. Robin hits you with a +0 short sword.
2137 ||| Stepping ~*~*~tactically~*~*~ (outnumbered).
Robin roars a battlecry!
The goblins go into a battle-frenzy!
You see here a quokka corpse.
2138 ||| Stepping ~*~*~tactically~*~*~ (outnumbered).
The goblin attacks as you move away! The goblin hits you with a +0 dagger.
The goblin attacks as you move away! The goblin barely misses you.
There is a fountain of clear blue water here.
2139 ||| Stepping ~*~*~tactically~*~*~ (outnumbered).
The goblin attacks as you move away! The goblin hits you but does no damage.
There is an entrance to Buop's Antique Weapon Boutique here.
2140 ||| Stepping ~*~*~tactically~*~*~ (outnumbered).
The goblin attacks as you move away! The goblin hits you with a +0 club.
The goblin attacks as you move away! The goblin barely misses you.
Robin says, "Kneel, worm!"
Robin throws the goblin at you! The goblin hits you with a +0 club.
There is a fountain of clear blue water here.
You scratch the goblin.
You kill the goblin!
The goblin hits you but does no damage. The goblin hits you with a +0 club. x2
You claw the goblin!
You kill the goblin!
You feel better. The goblin hits you with a +0 dagger.
The goblin hits you with a +0 club. x2
2143 ||| Stepping ~*~*~tactically~*~*~ (outnumbered).
The goblin closely misses you.
You see here a +0 club.
2144 ||| Stepping ~*~*~tactically~*~*~ (outnumbered).
The goblin attacks as you move away! The goblin closely misses you.
2145 ||| Stepping ~*~*~tactically~*~*~ (outnumbered).
The goblin attacks as you move away! The goblin closely misses you.
You closely miss the goblin. The goblin closely misses you. x2
You claw Robin!
Robin is severely wounded.
The goblin hits you with a +0 club.
You die...

+.... ## ###.# ..
....... #.# #.
........# #.#
.##[######.......# #.<
......................
#....# #.......###..
#..###....##.###..
#@ggg.}...........
#gg#g\..#.##......
#.g.}.}......##...
##.....%..##)##.#.
##.......##.# .##
#..###..)..# ...
#..).......##.##
#.#.....##......
...#..##..).^....


You could see Robin, 2 hobgoblins and 4 goblins.

Vanquished Creatures
  Sigmund (D:2)
  2 dart slugs
  5 endoplasms
  2 giant cockroaches (D:1)
  A hobgoblin (D:2)
  7 jackals (D:1)
  3 quokkas
  2 ball pythons
  4 bats
  2 frilled lizards
  8 goblins
  4 kobolds
  2 rats (D:1)
43 creatures vanquished.

Notes
Turn   | Place    | Note
-------+----------+-------------------------------------------
     0 | D:1      | qw the Ghoul Fire Elementalist began the quest for the Orb.
     0 | D:1      | Reached XP level 1. HP: 14/14 MP: 2/2
     0 | D:1      | 0 ||| qw: Version: 0.1-a-90-g952f4b7
     0 | D:1      | 0 ||| qw: Game counter: 3844
     0 | D:1      | 0 ||| qw: Always use a shield: true
     0 | D:1      | 0 ||| qw: God list: Okawaru
     0 | D:1      | 0 ||| qw: Allow faded altars: false
     0 | D:1      | 0 ||| qw: Do Orc after D:15 true
     0 | D:1      | 0 ||| qw: Do second Lair branch before Depths: true
     0 | D:1      | 0 ||| qw: Lair rune preference: random
     0 | D:1      | 0 ||| qw: Plans: Normal
     0 | D:1      | 0 ||| PLANNING D:1-11
    20 | D:1      | Found Zologive's Armour Boutique.
    25 | D:1      | 25 ||| SHOPLISTING +0 ring mail (56 gold, have 0).
    25 | D:1      | 25 ||| SHOPLISTING +0 scale mail (56 gold, have 0).
    25 | D:1      | 25 ||| SHOPLISTING +1 chain mail of fire resistance (231
                  | gold, have 0).
    25 | D:1      | 25 ||| SHOPLISTING +2 pair of boots of flying (301 gold,
                  | have 0).
    25 | D:1      | 25 ||| SHOPLISTING +3 chain mail of poison resistance (329
                  | gold, have 0).
   279 | D:1      | 279 ||| Stepping ~*~*~tactically~*~*~ (outnumbered).
   282 | D:1      | Reached skill level 1 in Unarmed Combat
   331 | D:1      | Reached skill level 1 in Fighting
   331 | D:1      | Reached XP level 2. HP: 15/23 MP: 3/3
   465 | D:1      | 465 ||| Stepping ~*~*~tactically~*~*~ (stealth).
   482 | D:1      | Found a faded altar of an unknown god.
   612 | D:1      | Reached skill level 2 in Unarmed Combat
   686 | D:1      | Reached XP level 3. HP: 26/28 MP: 4/4
   787 | D:1      | 787 ||| Stepping ~*~*~tactically~*~*~ (stealth).
   789 | D:1      | 789 ||| Stepping ~*~*~tactically~*~*~ (stealth).
  1209 | D:1      | 1209 ||| UPGRADING to +0 leather armour.
  1219 | D:1      | 1219 ||| DROPPING +0 robe.
  1220 | D:1      | 1220 ||| UPGRADING to ring of willpower.
  1221 | D:1      | 1221 ||| READING scroll labelled DANKINKUHU.
  1222 | D:1      | 1222 ||| DRINKING 3 bubbling blue potions.
  1223 | D:1      | 1223 ||| DRINKING 2 cyan potions.
  1224 | D:1      | 1224 ||| DROPPING potion of magic.
  1225 | D:1      | 1225 ||| DROPPING potion of berserk rage.
  1448 | D:2      | 1448 ||| Stepping ~*~*~tactically~*~*~ (hiding).
  1550 | D:2      | 1550 ||| FLEEEEING.
  1640 | D:2      | Reached skill level 3 in Unarmed Combat
  1648 | D:2      | Noticed Sigmund
  1649 | D:2      | 1649 ||| Stepping ~*~*~tactically~*~*~ (hiding).
  1751 | D:2      | 1751 ||| Stepping ~*~*~tactically~*~*~ (hiding).
  1779 | D:2      | 1779 ||| Stepping ~*~*~tactically~*~*~ (hiding).
  1783 | D:2      | 1783 ||| Stepping ~*~*~tactically~*~*~ (hiding).
  1793 | D:2      | HP: 7/28 [Sigmund/+0 scythe (6)]
  1795 | D:2      | HP: 2/28 [Sigmund/+0 scythe (2)]
  1800 | D:2      | 1800 ||| DRINKING 3 potions of curing.
  1800 | D:2      | 1800 ||| (to cure confusion)
  1801 | D:2      | Killed Sigmund
  1802 | D:2      | Reached skill level 5 in Unarmed Combat
  1802 | D:2      | Reached XP level 4. HP: 11/35 MP: 5/5
  1802 | D:2      | Reached XP level 5. HP: 13/40 MP: 6/6
  1828 | D:2      | 1828 ||| FLEEEEING.
  2066 | D:2      | Found Buop's Antique Weapon Boutique.
  2075 | D:2      | 2075 ||| Stepping ~*~*~tactically~*~*~ (stealth).
  2079 | D:2      | 2079 ||| Stepping ~*~*~tactically~*~*~ (stealth).
  2081 | D:2      | 2081 ||| Stepping ~*~*~tactically~*~*~ (stealth).
  2085 | D:2      | 2085 ||| Stepping ~*~*~tactically~*~*~ (stealth).
  2106 | D:2      | Noticed Robin
  2107 | D:2      | 2107 ||| Stepping ~*~*~tactically~*~*~ (outnumbered).
  2108 | D:2      | 2108 ||| Stepping ~*~*~tactically~*~*~ (outnumbered).
  2109 | D:2      | 2109 ||| Stepping ~*~*~tactically~*~*~ (stealth).
  2112 | D:2      | 2112 ||| Stepping ~*~*~tactically~*~*~ (outnumbered).
  2114 | D:2      | 2114 ||| Stepping ~*~*~tactically~*~*~ (outnumbered).
  2115 | D:2      | 2115 ||| Stepping ~*~*~tactically~*~*~ (outnumbered).
  2117 | D:2      | 2117 ||| Stepping ~*~*~tactically~*~*~ (outnumbered).
  2118 | D:2      | 2118 ||| Stepping ~*~*~tactically~*~*~ (outnumbered).
  2119 | D:2      | 2119 ||| Stepping ~*~*~tactically~*~*~ (outnumbered).
  2120 | D:2      | 2120 ||| Stepping ~*~*~tactically~*~*~ (outnumbered).
  2121 | D:2      | 2121 ||| Stepping ~*~*~tactically~*~*~ (outnumbered).
  2122 | D:2      | 2122 ||| Stepping ~*~*~tactically~*~*~ (hiding).
  2129 | D:2      | 2129 ||| FLEEEEING.
  2133 | D:2      | 2133 ||| Stepping ~*~*~tactically~*~*~ (outnumbered).
  2135 | D:2      | 2135 ||| Stepping ~*~*~tactically~*~*~ (outnumbered).
  2136 | D:2      | 2136 ||| Stepping ~*~*~tactically~*~*~ (outnumbered).
  2137 | D:2      | 2137 ||| Stepping ~*~*~tactically~*~*~ (outnumbered).
  2138 | D:2      | 2138 ||| Stepping ~*~*~tactically~*~*~ (outnumbered).
  2139 | D:2      | 2139 ||| Stepping ~*~*~tactically~*~*~ (outnumbered).
  2140 | D:2      | 2140 ||| Stepping ~*~*~tactically~*~*~ (outnumbered).
  2141 | D:2      | HP: 9/40 [goblin/+0 club[Robin] (4)]
  2142 | D:2      | HP: 3/40 [goblin/+0 club[Robin] (3)]
  2143 | D:2      | 2143 ||| Stepping ~*~*~tactically~*~*~ (outnumbered).
  2144 | D:2      | 2144 ||| Stepping ~*~*~tactically~*~*~ (outnumbered).
  2145 | D:2      | 2145 ||| Stepping ~*~*~tactically~*~*~ (outnumbered).
  2147 | D:2      | Slain by a goblin

Levels and vault maps discovered:
D:1:      ncdulo_lavacross, layout_basic, serial_shops, shop,
          hellmonk_ecumenical_altar_dog_temple, glass_columns_c,
          minmay_misc_feat_x, st_stairs_8, lemuel_old_faithful
D:2:      layout_basic, serial_shops, shop_fountains, guppyfry_early_orc_mine,
          uniq_natasha, uniq_jessica, uniq_robin, uniq_sigmund

Skill      XL: |  1  2  3 |
---------------+----------+-----
Unarmed Combat | 1 2 5 |  5.6
Fighting       | 1 |  1.5
Dodging        | |  1.7
Stealth        | |  2.1
Spellcasting   | |  1.7
Conjurations   | |  0.7
Fire Magic     | |  2.4

Action                   |  1- 3 |  4- 6 || total
-------------------------+-------+-------++-------
Melee: Unarmed           |   130 |    28 ||   158
       Punch             |     4 |     1 ||     5
  Use: Potion            |     3 |       ||     3
       Scroll            |     1 |       ||     1
Armor: Robe              |    21 |       ||    21
       Leather armour    |     3 |    14 ||    17
Dodge: Dodged            |    91 |    16 ||   107

Table legend:
 A = Non-vault XP
 B = Vault XP
 C = Vault XP percentage of total XP
 D = Non-vault monster count
 E = Vault monster count
 F = Vault count percentage of total count
                 A         B        C        D         E       F
            +---------+---------+-------+---------+---------+-------
      Total |      58 |     243 |  80.7 |      32 |      11 |  25.6
            +---------+---------+-------+---------+---------+-------
        D:1 |      33 |      10 |  23.3 |      20 |       5 |  20.0
        D:2 |      25 |     233 |  90.3 |      12 |       6 |  33.3
            +---------+---------+-------+---------+---------+-------
